 Dungeon Crawl Stone Soup version 0.26-a0-651-gb41185065b (webtiles) character file.

Game seed: 9012832792219709640

15790 Arthanis the Cleaver (level 12, -9/80 HPs)
             Began as a Gargoyle Berserker on Oct 31, 2020.
             Was a High Priest of Trog.
             Mangled by a white ugly thing (25 damage)
             ... on level 13 of the Dungeon.
             The game lasted 00:13:45 (11256 turns).

Arthanis the Cleaver (Gargoyle Berserker)          Turns: 11256, Time: 00:13:46

Health: -9/80      AC: 31    Str: 27    XL:     12   Next: 30%
Magic:  12/12      EV:  7    Int: 13    God:    Trog [*****.]
Gold:   786        SH: 10    Dex:  9    Spells: 11/11 levels left

rFire    . . .     SeeInvis .   M - +5 war axe (freeze)
rCold    . . .     Faith    +   Q - +0 kite shield
rNeg     + . .     Spirit   .   T - +3 chain mail
rPois    ∞         Reflect  .   t - +0 helmet
rElec    +         Harm     .   r - +2 cloak {Stlth+}
rCorr    .         Rampage  .   (no gloves)
MR       .....                  (no boots)
Stlth    ..........             R - amulet of faith
HPRegen  0.23/turn              h - +4 ring of protection
MPRegen  0.13/turn              B - +6 ring of strength

@: berserk cooldown, slowed, very slow
A: negative energy resistance 1, electricity resistance, unbreathing,
petrification resistance, rot immunity, AC +8
a: Berserk, Trog's Hand, Brothers in Arms, Renounce Religion


You were on level 13 of the Dungeon.
You worshipped Trog.
Trog was extremely pleased with you.
You visited 1 branch of the dungeon, and saw 13 of its levels.
You also visited: Sewer.

You collected 786 gold pieces.

Inventory:

Hand Weapons
 a - a +0 war axe
 b - a +0 hand axe
 l - a +0 antimagic hand axe
 z - a +1 vorpal trident
 L - a +3 scythe of flaming
 M - a +5 war axe of freezing (weapon)
 N - a +4 battleaxe
Missiles
 e - 3 throwing nets (quivered)
Armour
 r - a +2 cloak of stealth (worn)
 t - a +0 helmet (worn)
 Q - a +0 kite shield (worn)
 T - a +3 chain mail (worn)
Jewellery
 c - a +4 ring of evasion
 h - a +4 ring of protection (left hand)
 B - a +6 ring of strength (right hand)
 R - an amulet of faith (around neck)
Wands
 o - a wand of random effects (36)
 y - a wand of flame (25)
 C - a wand of enslavement (10)
 K - a wand of digging (3)
 S - a wand of acid (10)
 U - a wand of iceblast (8)
Scrolls
 f - 12 scrolls of teleportation
 g - 3 scrolls of enchant armour
 m - 3 scrolls of blinking
 n - 3 scrolls of immolation
 p - 5 scrolls of fear
 q - 5 scrolls of fog
 w - 9 scrolls of remove curse
 x - 2 scrolls of magic mapping
 F - a scroll of noise
 H - a scroll of enchant weapon
 P - a scroll of amnesia
Potions
 d - 3 potions of brilliance {unknown}
 i - 2 potions of berserk rage
 j - 4 potions of curing
 k - 3 potions of stabbing {unknown}
 u - 4 potions of invisibility {unknown}
 v - 3 potions of lignification {unknown}
 A - 2 potions of mutation
 D - 3 potions of flight
 E - 4 potions of heal wounds {unknown}
 G - a potion of cancellation {unknown}
 I - 12 potions of degeneration
 J - 3 potions of might {unknown}
 O - a potion of ambrosia {unknown}


   Skills:
 + Level 11.0 Fighting
 * Level 12.6 Axes
 + Level 8.0 Armour
 - Level 2.0 Dodging
 - Level 4.0 Shields
 + Level 6.0 Evocations


You had 11 spell levels left.
You didn't know any spells.
Your spell library contained the following spells:

 Spells                   Type           Power        Failure   Level
 Animate Skeleton         Necr           #.....       99%         1
 Pain                     Necr           #...         99%         1
 Vampiric Draining        Necr           #.........   100%        3
 Animate Dead             Necr           #.........   100%        4
 Agony                    Necr           #.......     100%        5


Dungeon Overview and Level Annotations

Branches:
Dungeon (13/15)            Temple (0/1) D:7            Lair (0/6) D:11
    Orc (0/2) D:10          Sewer (visited)
 Vaults: D:13-14

Altars:
Ashenzari
Elyvilon
Fedhas
Gozag
Okawaru
Qazlal
Yredelemnul
Zin
The Shining One

Shops:
D:8 [

Annotations:
D:5 Prince Ribbit
D:10 4 runed translucent doors


Innate Abilities, Weirdness & Mutations

You are resistant to torment.
Your stone body is resilient. (AC +8)
You are immune to poison.
You resist negative energy. (rN+)
You are resistant to electric shocks. (rElec)
You can survive without breathing.
You are immune to petrification.
You are immune to rotting.


Message History

You barely miss the white ugly thing.
The white ugly thing is moderately wounded.
Your shield and chain mail prevent you from hitting the phantom.
The white ugly thing kicks you but does no damage.
The phantom closely misses you.
You block the white ugly thing's attack.
You closely miss the white ugly thing.
The white ugly thing is moderately wounded.
You miss the phantom. The phantom hits you.
The white ugly thing barely misses you.
Your shield and chain mail prevent you from hitting the white ugly thing.
The white ugly thing is moderately wounded.
You miss the phantom.
The phantom hits you but does no damage.
The white ugly thing kicks you. The white ugly thing freezes you!!
* * * LOW HITPOINT WARNING * * *
The white ugly thing kicks you.
* * * LOW HITPOINT WARNING * * *
The white ugly thing freezes you!!
You die...

. # ...
#.#########....#
#.).<..W@u...$..
#())............
#..!......$......
#..####.......#...
#.# ###..#### ##
#. #..# # ##.# #.#


You could see a white ugly thing and a phantom.

Vanquished Creatures
  A hydra (D:11)
  3 two-headed ogres
  3 ugly things
  A deep elf mage (D:12)
  Maurice (D:10)
  A cyclops (D:11)
  A centaur zombie (D:11)
  A gargoyle (D:12)
  4 trolls
  3 hippogriffs
  Sigmund (D:5)
  A wraith (D:10)
  20 yaks
  2 vampire mosquitoes (D:12)
  A steam dragon (D:10)
  A water moccasin (D:8)
  A swamp drake (D:10)
  4 orc warriors
  A hornet zombie (D:12)
  2 eyes of draining
  6 sky beasts
  A black bear (D:7)
  An ice beast (D:7)
  A phantom (D:9)
  7 ogres
  7 centaurs
  4 big kobolds
  A bullfrog (D:12)
  A killer bee (D:10)
  12 wights
  2 howler monkeys
  A bullfrog zombie (D:5)
  4 hounds
  6 jellies
  9 orc priests
  2 bullfrog skeletons
  8 orc wizards
  A centaur skeleton (D:10)
  4 iguanas
  Ijyb (D:3)
  8 worker ants
  Terence (D:2)
  A killer bee zombie (D:8)
  2 worker ant zombies
  Robin (D:2)
  A howler monkey skeleton (D:5)
  3 gnolls (D:7)
  A river rat (Sewer)
  14 adders
  2 shadow imps (D:5)
  2 white imps
  3 ufetubi
  An ooze (D:3)
  An adder skeleton (D:7)
  2 worms
  3 dart slugs
  5 leopard geckos
  40 orcs
  6 giant cockroaches
  12 goblins
  8 hobgoblins
  9 jackals
  7 quokkas
  7 bats
  7 frilled lizards
  12 kobolds
  A leopard gecko zombie (D:5)
  A quokka skeleton (D:4)
  A quokka zombie (D:5)
  11 rats
305 creatures vanquished.

Vanquished Creatures (others)
  An orc warrior (D:10)
  3 plants (D:7)
4 creatures vanquished.

Grand Total: 309 creatures vanquished

Notes
Turn   | Place    | Note
-------+----------+-------------------------------------------
     0 | D:1      | Arthanis the Gargoyle Berserker began the quest for the
                  | Orb.
     0 | D:1      | Reached XP level 1. HP: 14/14 MP: 1/1
    94 | D:1      | Reached XP level 2. HP: 19/19 MP: 2/2
   101 | D:1      | Reached skill level 3 in Axes
   471 | D:1      | Reached ** piety under Trog
   471 | D:1      | Reached XP level 3. HP: 23/23 MP: 3/3
  1246 | D:2      | Noticed an earth elemental
  1259 | D:2      | Found a stormy altar of Qazlal.
  1262 | D:2      | Noticed an air elemental
  1262 | D:2      | Noticed a fire elemental
  1262 | D:2      | Noticed a water elemental
  1280 | D:2      | Noticed Terence
  1309 | D:2      | Killed Terence
  1309 | D:2      | Reached XP level 4. HP: 29/29 MP: 4/4
  1500 | D:2      | Noticed Robin
  1520 | D:2      | Killed Robin
  1520 | D:2      | Reached XP level 5. HP: 33/33 MP: 5/5
  1569 | D:2      | Reached skill level 4 in Axes
  2200 | D:3      | Noticed Ijyb
  2206 | D:3      | Killed Ijyb
  2256 | D:3      | Found a basalt altar of Yredelemnul.
  2258 | D:3      | Noticed a profane servitor
  2307 | D:3      | Found a glowing golden altar of the Shining One.
  2309 | D:3      | Noticed an angel
  2536 | D:3      | Reached XP level 6. HP: 39/39 MP: 6/6
  2909 | D:4      | Reached skill level 5 in Axes
  2921 | D:4      | Reached XP level 7. HP: 44/44 MP: 7/7
  2936 | D:4      | Reached *** piety under Trog
  2939 | D:4      | Reached skill level 5 in Fighting
  2968 | D:4      | Found a glowing drain.
  2981 | Sewer    | Entered a sewer
  3102 | Sewer    | Found a white marble altar of Elyvilon.
  3426 | D:5      | Entered Level 5 of the Dungeon
  3431 | D:5      | Reached skill level 1 in Shields
  3705 | D:5      | Found an iron altar of Okawaru.
  3834 | D:5      | Reached skill level 6 in Axes
  3919 | D:5      | Found a glowing silver altar of Zin.
  3936 | D:5      | Reached skill level 5 in Armour
  3936 | D:5      | Reached XP level 8. HP: 44/50 MP: 8/8
  3971 | D:5      | Noticed Prince Ribbit
  4525 | D:5      | Noticed Sigmund
  4537 | D:5      | Killed Sigmund
  5046 | D:6      | Reached skill level 7 in Axes
  5046 | D:6      | Reached skill level 1 in Evocations
  5062 | D:6      | Reached XP level 9. HP: 46/56 MP: 9/9
  5081 | D:6      | Reached **** piety under Trog
  5767 | D:7      | Found a blossoming altar of Fedhas.
  5971 | D:7      | Reached skill level 8 in Axes
  5979 | D:7      | Noticed a two-headed ogre
  5993 | D:7      | Killed a two-headed ogre
  6104 | D:7      | Found a staircase to the Ecumenical Temple.
  6130 | D:7      | Found an opulent altar of Gozag.
  6434 | D:8      | Reached XP level 10. HP: 64/64 MP: 10/10
  6437 | D:8      | Reached skill level 9 in Axes
  6595 | D:8      | Found Vamioj's Armour Shoppe.
  6808 | D:8      | Found a broken altar of Ashenzari.
  6847 | D:8      | Found a white marble altar of Elyvilon.
  7659 | D:9      | Reached ***** piety under Trog
  7933 | D:10     | Entered Level 10 of the Dungeon
  8043 | D:10     | Noticed Maurice
  8052 | D:10     | Killed Maurice
  8052 | D:10     | Reached skill level 10 in Axes
  8087 | D:10     | Received a gift from Trog
  8657 | D:10     | Found a staircase to the Orcish Mines.
  8773 | D:10     | Found a large runed translucent door.
  8773 | D:10     | Found a large runed translucent door.
  8775 | D:10     | Noticed a centaur warrior
  8779 | D:10     | Noticed a catoblepas
  9018 | D:10     | Reached skill level 11 in Axes
  9018 | D:10     | Reached XP level 11. HP: 65/71 MP: 11/11
  9157 | D:10     | Found a large runed translucent door.
  9157 | D:10     | Found a large runed translucent door.
  9698 | D:11     | Found a staircase to the Lair.
  9716 | D:11     | Reached skill level 10 in Fighting
  9872 | D:11     | Noticed a two-headed ogre
  9880 | D:11     | Killed a two-headed ogre
  9926 | D:11     | Noticed a cyclops
  9930 | D:11     | Killed a cyclops
  9978 | D:11     | Noticed a brown ugly thing
  9991 | D:11     | Killed a brown ugly thing
 10112 | D:11     | Noticed a two-headed ogre
 10122 | D:11     | Killed a two-headed ogre
 10122 | D:11     | Reached skill level 5 in Evocations
 10329 | D:11     | Noticed an eight-headed hydra
 10344 | D:11     | Killed a nine-headed hydra
 10344 | D:11     | Reached skill level 12 in Axes
 10575 | D:12     | Noticed a white ugly thing
 10581 | D:12     | Killed a white ugly thing
 10581 | D:12     | Reached XP level 12. HP: 79/79 MP: 12/12
 11256 | D:13     | Mangled by a white ugly thing

Illustrated notes

Levels and vault maps discovered:
D:1:      dpeg_arrival_boxorama, layout_basic, minmay_heptomino_l4
D:2:      layout_basic, nicolae_qazlal_style_of_elements, uniq_robin,
          uniq_terence
D:3:      layout_loops_ring, grunt_temple_overflow_holy_war,
          corexii_leaking_fountain, uniq_ijyb
D:4:      layout_cave_pools, portal_sewer_entry_f, minmay_misc_feat_chi
D:5:      layout_layer_cave, nicolae_overflow_crystal_walls, zin_treasury,
          uniq_prince_ribbit1, uniq_sigmund
D:6:      layout_cave_pools, st_stairs_3
D:7:      layout_basic, fedhas_ov_isle_minmay, lemuel_crystal_altar,
          minmay_temple_entry_gardened_gates, kennysheep_generic_room_7
D:8:      layout_basic, elyvilon_altar_3, serial_shops,
          nicolae_shop_statue_plus, cheibrodos_ashenzari_chains
D:9:      layout_basic
D:10:     layout_long_grid, erik_orc_1, minmay_hollow_rounded_squares,
          uniq_maurice
D:11:     layout_roguey, lair_entry_dummy, minmay_misc_feat_room
D:12:     layout_loops_ring
D:13:     layout_cross, skrybe_vaults_entry_preservation,
          gammafunk_ghost_hydra_chop, uniq_erolcha

Skill      XL: |  1  2  3  4  5  6  7  8  9 10 11 12 |
---------------+-------------------------------------+-----
Axes           | 3 4 5 6 7 8 11 12 | 12.6
Dodging        | 2 |  2.0
Armour         | 3 4 5 6 7 8 |  8.0
Fighting       | 4 5 6 7 9 10 11 | 11.0
Shields        | 2 3 4 |  4.0
Evocations     | 1 3 4 5 6 |  6.0

Action                   |  1- 3 |  4- 6 |  7- 9 | 10-12 || total
-------------------------+-------+-------+-------+-------++-------
Melee: Hand axe          |   118 |    66 |       |       ||   184
       Trident           |       |    11 |       |     5 ||    16
       War axe           |       |    53 |   328 |   423 ||   804
Invok: Berserk           |     1 |     5 |     8 |     8 ||    22
       Trog's Hand       |       |       |     1 |     1 ||     2
Evoke: Wand              |       |       |     7 |       ||     7
  Use: Scroll            |       |       |       |    16 ||    16
Armor: Animal skin       |    25 |       |       |       ||    25
       Scale mail        |    15 |     1 |       |       ||    16
       Chain mail        |       |    80 |   198 |   256 ||   534
Dodge: Dodged            |    86 |   124 |   180 |   109 ||   499
Block: Buckler           |       |       |    53 |       ||    53
       Kite shield       |       |       |     5 |   159 ||   164

Table legend: (Time is in decaauts)
 A = Elapsed time spent in this place.
 B = Non-inter-level travel time spent in this place.
 C = Inter-level travel time spent in this place.
 D = Time resting spent in this place.
 E = Time spent auto-exploring this place.
 F = Levels seen in this place.
 G = Mean time per level.
                   A        B        C        D        E       F      G
               +--------+--------+--------+--------+--------+-----+--------+
         Total |  11559 |  11290 |    269 |    134 |   8946 |  14 |  825.6 |
       Dungeon |  11362 |  11093 |    269 |    134 |   8822 |  13 |  874.0 |
         Sewer |    197 |    197 |      0 |      0 |    124 |   1 |  197.0 |
               +--------+--------+--------+--------+--------+-----+--------+

Top non-repeatable levels by time:
     D:5: 1654 daAuts
    D:10: 1482 daAuts
    D:11: 1197 daAuts
     D:1: 1195 daAuts
     D:7: 863 daAuts
     D:2: 806 daAuts
     D:9: 784 daAuts
     D:3: 764 daAuts
     D:8: 748 daAuts
    D:12: 676 daAuts
     D:4: 585 daAuts
     D:6: 581 daAuts
   Sewer: 197 daAuts
    D:13: 20 daAuts
